Map: Ulrena

Players

TatyGG

  • Race: Protoss Protoss
  • League: Diamond

Hindulaatti - Winner!

  • Race: Terran Terran
  • League: Gold

VOD

Have the link to the VOD?

Description

Time

  • Played on: Dec. 19, 2015, 6:10 p.m.
  • Length: 8:34
Show
View Real Time Build Order
Export as new Build Order

TatyGG Protoss 

Build Orders:  

Get SALT Encoding   

  12  0:02  Probe (Chrono Boost)  
  13  0:12  Probe (Chrono Boost)  
  14  0:19  Pylon  
  14  0:23  Probe (Chrono Boost)  
  15  0:37  Probe (Chrono Boost)  
  15  0:38  Gateway  
  16  0:44  Assimilator  
  16  0:48  Probe (Chrono Boost)  
  17  0:58  Probe (Chrono Boost)  
  18  1:09  Probe (Chrono Boost)  
  19  1:28  Cybernetics Core  
  19  1:29  Gateway  
  19  1:32  Pylon, Probe (Chrono Boost)  
  20  1:42  Assimilator  
  20  1:43  Probe (Chrono Boost)  
  21  1:54  Probe (Chrono Boost)  
  22  2:04  Warp Gate (Chrono Boost)  
  22  2:09  Mothership Core  
  24  2:16  Adept x2  
  24  2:22  Gateway  
  28  2:23  Pylon  
  27  2:41  Probe  
  27  2:43  Adept x2  
  32  3:11  Robotics Facility  
  32  3:52  Gateway  
  32  3:55  Pylon  
  32  3:58  Nexus  
  32  3:59  Adept x3  
  32  4:01  Observer  
  39  4:11  Pylon  
  39  4:25  Pylon  
  39  4:27  Immortal (Chrono Boost)  
  43  4:33  Probe  
  44  4:45  Probe  
  41  5:16  Immortal (Chrono Boost)  
  41  5:17  Stalker x2  
  41  5:18  Sentry  
  41  5:19  Sentry  
  53  5:24  Probe  
  53  5:25  Probe  
  55  5:32  Pylon  
  37  6:07  Stalker x4  
  45  6:12  Probe  
  45  6:13  Probe  
  47  6:20  Pylon  
  47  6:22  Pylon, Probe  
  47  6:25  Probe  
  48  6:35  Pylon  
  48  6:43  Stalker x2  
  51  6:53  Probe  
  51  6:55  Probe  
  53  7:07  Immortal (Chrono Boost)  
  57  7:13  Pylon  
  57  7:18  Stalker x2  
  55  7:53  Probe  
  55  7:55  Stalker, Probe  
  55  7:56  Stalker x3  
  65  8:07  Probe  
  46  8:21  Stalker  
  46  8:22  Stalker  
  46  8:23  Zealot  
  46  8:24  Zealot  
Show
View Real Time Build Order
Export as new Build Order

Hindulaatti Terran - Winner!

Build Orders: Reaper Expand 

Get SALT Encoding   

  12  0:00  SCV  
  13  0:13  SCV  
  14  0:18  Supply Depot  
  14  0:25  SCV  
  15  0:30  Refinery  
  15  0:39  SCV  
  16  0:45  Barracks  
  16  0:52  SCV  
  17  1:04  SCV  
  18  1:16  SCV  
  19  1:25  Supply Depot  
  19  1:32  Orbital Command  
  19  1:33  Reaper  
  20  1:53  Command Center  
  20  1:57  SCV  
  21  2:09  Marine  
  21  2:10  Factory  
  21  2:13  SCV  
  23  2:27  Marine  
  24  2:34  SCV  
  25  2:38  Supply Depot  
  25  2:39  Barracks  
  25  2:42  Bunker  
  25  2:54  Barracks Reactor, Factory Tech Lab  
  25  2:55  Barracks  
  25  3:01  SCV  
  25  3:04  Refinery  
  24  3:16  Orbital Command  
  23  3:29  Barracks Tech Lab  
  23  3:30  Marine x2  
  23  3:33  SCV  
  25  3:44  SCV  
  25  3:45  SCV  
  25  3:46  Barracks Reactor  
  27  3:48  Marine  
  28  3:56  SCV  
  28  3:57  SCV  
  28  4:02  Cyclone  
  33  4:08  SCV  
  33  4:09  SCV  
  32  4:20  SCV  
  32  4:21  Marine x2  
  32  4:22  SCV  
  32  4:24  Marauder, Marine x2  
  38  4:29  Supply Depot  
  40  4:32  SCV  
  40  4:34  SCV  
  40  4:37  Starport  
  42  4:41  Marine  
  42  4:44  SCV  
  44  4:46  SCV  
  45  4:58  Liberator  
  45  4:59  SCV x2  
  47  5:05  Marauder, Marine x3  
  47  5:06  Marine  
  53  5:11  SCV x2  
  58  5:23  Marine x2, SCV x2  
  58  5:24  Supply Depot  
  62  5:39  Marine  
  62  5:45  Marine  
  62  5:46  Marauder  
  56  6:03  SCV x2  
  55  6:07  Marauder, Marine x3  
  60  6:14  Supply Depot  
  60  6:15  Medivac, Supply Depot, SCV x2  
  60  6:16  Bunker, Supply Depot  
  64  6:19  Stimpack  
  64  6:20  Starport  
  64  6:22  Refinery  
  64  6:30  Marauder, Marine x4  
  70  6:35  SCV x2  
  72  6:48  Marine, SCV x2  
  72  6:50  Starport Reactor  
  75  6:57  Marine x3  
  78  7:03  Liberator  
  78  7:11  Marauder, Marine  
  78  7:15  Marine x3  
  82  7:16  Starport Tech Lab  
  82  7:18  Siege Tank  
  90  7:29  Marine  
  88  7:30  SCV x2  
  88  7:32  Medivac  
  88  7:33  Marauder  
  88  7:36  Refinery  
  94  7:48  Supply Depot, Marine x2  
  94  7:49  Supply Depot, SCV  
  94  7:50  Supply Depot  
  94  7:51  Marine x2, SCV  
  94  7:54  Marauder  
  99  8:02  Hellion  
  99  8:03  SCV x2  
  106  8:06  Marine x2  
  106  8:09  Marine x2  
Tags
 
Matchup
PvT
Replay Pack
22.2.2016
Add a new tag
Caveats
  • Supply blocks, unpowered buildings, or Contaminate may cause inaccurate times.
  • Supply counts are checked every 10 seconds.